 Dungeon Crawl Stone Soup version 0.20.0-15-g7f486f2 (webtiles) character file.

223 straycat the Sneak (level 5, -2/42 HPs)
             Began as a Vampire Fighter on June 10, 2017.
             Killed from afar by an orc wizard (4 damage)
             ... with a magic dart
             ... on level 3 of the Dungeon.
             The game lasted 00:07:35 (2578 turns).

straycat the Sneak (Vampire Fighter)                Turns: 2578, Time: 00:07:36

Health: -2/42      AC:  6    Str: 16    XL:     5   Next: 66%
Magic:  5/5        EV: 11    Int: 11    God:
Gold:   91         SH:  0    Dex: 13    Spells: 4/4 levels left

rFire    . . .     SeeInvis +   a - +0 rapier
rCold    . . .     Gourm    .   (no shield)
rNeg     + . .     Faith    .   b - +0 scale mail
rPois    .         Spirit   .   (no helmet)
rElec    .         Reflect  .   (no cloak)
rCorr    .         Harm     .   (no gloves)
MR       .....                  (no boots)
Stlth    +.........             (no amulet)
Regen    0.2/turn               (no ring)
MPRegen  0.1/turn               (no ring)

@: no status effects
A: fangs 3, see invisible, unbreathing
a: Bat Form


You were on level 3 of the Dungeon.
You were not thirsty.

You visited 1 branch of the dungeon, and saw 3 of its levels.

You collected 91 gold pieces.

Inventory:

Hand Weapons
 a - a +0 rapier (weapon)
Missiles
 f - 5 curare-tipped needles
 h - 20 sling bullets
 i - 84 stones (quivered)
 u - 5 tomahawks
Armour
 b - a +0 scale mail (worn)
 c - a +0 shield
 g - a +0 chain mail
 r - a +0 pair of boots
Jewellery
 k - an uncursed ring of flight {unknown}
Scrolls
 j - 2 scrolls of identify {unknown}
 l - a scroll of amnesia {unknown}
 n - a scroll of magic mapping {unknown}
 o - a scroll of enchant weapon {unknown}
 p - a scroll of enchant armour {unknown}
 v - a scroll of teleportation {unknown}
Potions
 e - 14 potions of blood
 m - a potion of curing {unknown}
 q - a potion of heal wounds {unknown}
 s - 2 potions of haste {unknown}
 t - 2 potions of invisibility {unknown}


   Skills:
 + Level 3.6 Fighting
 - Level 2.1 Short Blades
 - Level 2.4 Armour
 * Level 4.0 Dodging
 + Level 4.4 Stealth
 - Level 2.6 Shields


You had 4 spell levels left.
You didn't know any spells.

Dungeon Overview and Level Annotations

Branches:
Dungeon (3/15)

Altars:
Makhleb


Innate Abilities, Weirdness & Mutations

You have razor-sharp teeth.
You have supernaturally acute eyesight. (SInv)
You can survive without breathing.


Message History

The puff of flame hits you!
* * * LOW HITPOINT WARNING * * *
You barely miss the orc wizard. Your bite misses the orc wizard.
The orc wizard is moderately wounded.
The orc wizard barely misses you.
You closely miss the orc wizard. Your bite misses the orc wizard.
The orc wizard is moderately wounded.
The orc wizard hits you but does no damage.
You hit the orc wizard.
The orc wizard is heavily wounded.
The orc wizard hits you with a dagger.
* * * LOW HITPOINT WARNING * * *
You miss the orc wizard.
The orc wizard is heavily wounded.
The orc wizard closely misses you.
You barely miss the orc wizard.
The orc wizard is heavily wounded.
The orc wizard points at you and mumbles some strange words.
The magic dart hits you!
You die...

#.# #.# #.# #.#
#.# #.# ###.# #.#
..#.# #.# #.#.#
#.#
#o#.#########.###
#o#.............#
#@###########.#.#
#.)†....(.....#.#
############..#.#
..>####..#.#
.........#.#
########.#.#
#.......#.#
#.#######.##
#.#........#


You could see an orc wizard and an orc.

Vanquished Creatures
  An orc priest (D:3)
  3 iron imps
  An orc wizard (D:3)
  2 adders (D:2)
  An ooze (D:2)
  2 worms (D:2)
  2 leopard geckos
  4 orcs (D:2)
  6 giant cockroaches
  5 goblins
  4 hobgoblins
  2 jackals (D:1)
  4 kobolds
  2 quokkas (D:2)
  A ball python (D:3)
  4 bats
  3 frilled lizards
  6 rats
53 creatures vanquished.

Notes
Turn   | Place    | Note
-------+----------+-------------------------------------------
     0 | D:1      | straycat the Vampire Fighter began the quest for the Orb.
     0 | D:1      | Reached XP level 1. HP: 17/17 MP: 1/1
   147 | D:1      | Reached skill level 1 in Stealth
   226 | D:1      | Reached XP level 2. HP: 23/23 MP: 2/2
   362 | D:1      | Reached skill level 1 in Dodging
   957 | D:2      | Reached XP level 3. HP: 24/29 MP: 3/3
  1441 | D:2      | Reached XP level 4. HP: 10/35 MP: 4/4
  1924 | D:3      | Found a burning altar of Makhleb.
  2110 | D:3      | Reached XP level 5. HP: 3/41 MP: 5/5
  2576 | D:3      | HP: 2/42 [orc wizard/dagger (2)]
  2578 | D:3      | Killed from afar by an orc wizard

Skill      XL: |  1  2  3  4  5 |
---------------+----------------+-----
Stealth        | 1 2 3 4 |  4.4
Dodging        | 1 2 3 4 |  4.0
Fighting       | 3 |  3.6
Short Blades   | |  2.1
Armour         | |  2.4
Shields        | |  2.6

Action                   |  1- 3 |  4- 6 || total
-------------------------+-------+-------++-------
Melee: Rapier            |   130 |    67 ||   197
       Bite              |    13 |     6 ||    19
  Use: Potion            |       |     4 ||     4
 Stab: Sleeping          |     1 |       ||     1
  Eat: Corpse            |     1 |     1 ||     2
Armor: Scale mail        |    81 |    28 ||   109
Dodge: Dodged            |    66 |    33 ||    99
